cohdb
Replays
Latest Replays
All Replays
Popular Replays
Top Player Replays
Match Explorer
How It Works
Community
CoH3 Stats
Reddit
Sign in to upload your games and track your stats! →
Sign in with Steam
Match 37426741
Unlisted
Match 37426741
Overview
Messages
Build Orders
End
Kettenkrad Recon Vehicle
Construct Infanterie Kompanie
Grenadier Squad
MG 42 Machine Gun Team
Grenadier Squad
Construct Panzergrenadier Kompanie
Panzergrenadier Squad
Medical Station
Pak 40 Anti-tank Gun Team
Selects Mechanized Battlegroup
Selects Raid Package
251 Medium Carrier
Support Elements
Selects Mobile Repair Stations
StuG III G Assault Gun
Panzergrenadier Squad
Panzergrenadier Squad
Selects StuG Assault Group
StuG Assault Group
Panzergrenadier Officer Quarters
Construct Panzer Kompanie
Selects Stoßtruppen Assault Package
Selects Mechanized Assault
Selects UNKNOWN (2160084)
Sturmpanzer IV Brummbär
Stoßtruppen Squad
Mister Maf
sword_crusher
0
0
Comments
sign in to comment!
No comments posted yet!